 Dungeon Crawl Stone Soup version 0.30-a0-322-g102857c98e (webtiles) character file.

Game seed: 12620535064884998580

222 lunkers the Cutter (level 6, -2/41 (48) HPs)
             Began as a Meteoran Reaver on Oct 27, 2022.
             Slain by Crazy Yiuf
             ... wielding a +2 quarterstaff of chaos
              (7 damage)
             ... while paralysed by Crazy Yiuf
             ... on level 3 of the Dungeon.
             The game lasted 00:04:00 (1267 turns).

lunkers the Cutter (Meteoran Reaver)                Turns: 1267, Time: 00:04:00

HP:   -2/41 (48)    AC:  5    Str: 13    XL:     6   Next: 43%
MP:   6/11          EV:  2    Int: 20    God:
Gold: 152           SH:  0    Dex: 14    Spells: 9/10 levels left

rFire   . . .      SeeInvis .    b - +9 hammer of Profit {freeze, *Rage rPois rC+++ Int+4}
rCold   + + +      Faith    .    (no shield)
rNeg    + . .      Spirit   .    n - +0 leather armour
rPois   +          Reflect  .    (no helmet)
rElec   .          Harm     .    (no cloak)
rCorr   .          Rampage  .    (no gloves)
Will    .....      Rage     20%  k - +1 pair of boots
Stlth   +.........               (no amulet)
HPRegen 0.26/turn                j - ring of positive energy
MPRegen 0.12/turn                (no ring)

@: paralysed, glowing, heavily drained
A: sense surroundings 1, otherworldly, glowing, explore regen
a: no special abilities


You were on level 3 of the Dungeon.
You visited 1 branch of the dungeon, and saw 4 of its levels.
You also visited: Sewer.

You collected 152 gold pieces.

Inventory:

Hand Weapons
 a - a +2 dagger of draining
 b - the +9 hammer of Profit (weapon) {freeze, *Rage rPois rC+++ Int+4}
   (You found it on level 3 of the Dungeon)

   It freezes those it strikes, dealing additional cold damage.
   It can also slow down cold-blooded creatures.
   Int:       It affects your intelligence (+4).
   rC:        It renders you almost immune to cold.
   rPois:     It protects you from poison.
   *Rage:     It berserks you when you make melee attacks (+20% chance).
 d - a +1 hand axe of venom
 g - a +0 trident of venom
 l - a +0 short sword of chaos
Armour
 h - a +1 scale mail of fire resistance
 k - a +1 pair of boots (worn)
 n - a +0 leather armour (worn)
Jewellery
 j - a ring of positive energy (left hand)
Wands
 m - a wand of paralysis (4)
Scrolls
 c - 2 scrolls of identify
 e - 3 scrolls of poison
Potions
 f - a potion of might
 i - a potion of berserk rage


   Skills:
 - Level 2.1 Fighting
 - Level 6.3 Short Blades
 - Level 3.2 Axes
 * Level 0.0(2.0) Maces & Flails
 - Level 2.4 Dodging
 - Level 2.6 Spellcasting
 - Level 3.6 Conjurations


You had 9 spell levels left.
You knew the following spells:

 Your Spells              Type           Power      Damage    Failure   Level
p - Kiss of Death         Conj/Necr      36%        2d8       9%          1

Your spell library contained the following spells:

 Spells                   Type           Power      Damage    Failure   Level
 Magic Dart               Conj           68%        1d6       4%          1
 Searing Ray              Conj           34%        2d5       6%          2
 Momentum Strike          Conj/Tloc      18%        3d8       14%         2
 Hailstorm                Conj/Ice       9%         3d4       26%         3
 Fulminant Prism          Conj/Hex       4%         3d6       65%         4


Dungeon Overview and Level Annotations

Branches:
Dungeon (4/15) Zot: 1248    Sewer (visited)
 Temple: D:4-7

Altars:

Annotations:
D:3 Crazy Yiuf


Innate Abilities, Weirdness & Mutations

You passively map a small area around you.
You are easily found by Zot.
You glow in the dark.
You regain HP and MP as you explore.


Message History

You hit the fungus but do no damage.
The fungus is lightly damaged.
A nearby fungus withers and dies.
You see here a +0 hammer.
You see here a +2 hammer of pain.
You see here a +0 hammer.
You see here a +0 hammer.
Found a hammer.
Found a runed translucent door.
Okay, then.
Adjust (i)tems, (s)pells, or (a)bilities?
l - a +2 dagger of draining (weapon)
Adjust to which letter? (? for menu, Esc to quit)
a - a +2 dagger of draining (weapon);
l - a +0 short sword of chaos Adjust (i)tems, (s)pells, or (a)bilities?
n - the +9 hammer of Profit {freeze, *Rage rPois rC+++ Int+4} Adjust to which letter? (? for menu, Esc to quit)
b - the +9 hammer of Profit {freeze, *Rage rPois rC+++ Int+4}
n - a +0 leather armour (worn)
j - a ring of positive energy (left hand)
You feel clever.
The +9 hammer of Profit {freeze, *Rage rPois rC+++ Int+4} glows with a cold blue light!
b - the +9 hammer of Profit (weapon)
{freeze, *Rage rPois rC+++ Int+4} Crazy Yiuf shouts!
You open the door. You barely miss Crazy Yiuf.
Crazy Yiuf hits you with a +2 quarterstaff of chaos!
You feel your power leaking away.
Unknown command.
You barely miss Crazy Yiuf.
Crazy Yiuf hits you with a +2 quarterstaff of chaos!
Crazy Yiuf hits you with a +2 quarterstaff of chaos.
* * * LOW HITPOINT WARNING * * *
You suddenly lose the ability to move!
Crazy Yiuf hits you with a +2 quarterstaff of chaos!
* * * LOW HITPOINT WARNING * * *
Crazy Yiuf hits you with a +2 quarterstaff of chaos.
* * * LOW HITPOINT WARNING * * *
You partially resist.
You feel drained.
Crazy Yiuf hits you with a +2 quarterstaff of chaos!
You die...

###........<........##
###...#########.#######
## #...### #.# , <.
#.### ### ## #.#
##)####### #..#...#.###
*### #.).)P).#..##...#
* #...)P)####@g...#
##)#))## ###..)# *
###### ### #.# #.# * #
#.# #.#### #.# #.....
#.# ###### #.# # #.#


You could see Crazy Yiuf.

Vanquished Creatures
  Pargi (Sewer)
  Ijyb (D:3)
  A gnoll (D:3)
  3 adders (D:3)
  3 worms
  5 dart slugs
  12 bats
  5 endoplasms
  3 giant cockroaches (D:3)
  2 hobgoblins (D:3)
  2 kobolds (D:1)
  A quokka (D:1)
  5 ball pythons
  A frilled lizard (D:2)
  4 goblins
  3 rats (D:1)
52 creatures vanquished.

Vanquished Creatures (others)
  A fungus (D:3)
1 creature vanquished.

Grand Total: 53 creatures vanquished

Notes
Turn   | Place    | Note
-------+----------+-------------------------------------------
     0 | D:1      | lunkers the Meteoran Reaver began the quest for the Orb.
     0 | D:1      | Reached XP level 1. HP: 17/17 MP: 5/5
   133 | D:1      | Reached XP level 2. HP: 23/24 MP: 6/6
   146 | D:1      | Reached skill level 1 in Axes
   304 | D:1      | Reached XP level 3. HP: 29/29 MP: 8/8
   850 | D:3      | Noticed Ijyb
   851 | D:3      | Found a glowing drain.
   854 | D:3      | Paralysed by Ijyb for 4 turns
   869 | D:3      | Killed Ijyb
   870 | D:3      | Reached skill level 4 in Short Blades
   870 | D:3      | Reached XP level 4. HP: 17/30 MP: 6/9
   889 | D:3      | Reached XP level 5. HP: 21/37 MP: 10/10
   912 | Sewer    | Entered a sewer
   958 | Sewer    | Noticed Pargi
   964 | Sewer    | Killed Pargi
   965 | Sewer    | Reached skill level 6 in Short Blades
   965 | Sewer    | Reached XP level 6. HP: 31/48 MP: 11/11
  1083 | D:3      | Found a faded altar of an unknown god.
  1244 | D:3      | Identified the +9 hammer of Profit {freeze, *Rage rPois
                  | rC+++ Int+4}
  1256 | D:3      | Found a runed translucent door.
  1259 | D:3      | Noticed Crazy Yiuf
  1264 | D:3      | Paralysed by Crazy Yiuf for 4 turns
  1267 | D:3      | Slain by Crazy Yiuf

Illustrated notes

Levels and vault maps discovered:
D:1:      scummos_arrival_gate, layout_loops_ring
D:2:      layout_loops_ring
D:3:      layout_loops_ring, lemuel_blue_sif_altar, minitemple,
          old_standard_altar, hellmonk_ecumenical_altar_blasted,
          gup_sewer_entry_glass, uniq_ijyb, uniq_crazy_yiuf_cottage
D:4:      layout_rooms

Skill      XL: |  1  2  3  4  5 |
---------------+----------------+-----
Axes           | 2 3 |  3.2
Short Blades   | 4 6 |  6.3
Fighting       | |  2.1
Dodging        | |  2.4
Spellcasting   | |  2.6
Conjurations   | |  3.6

Action                   |  1- 3 |  4- 6 || total
-------------------------+-------+-------++-------
Melee: Hand axe          |    51 |       ||    51
       Short sword       |    10 |       ||    10
       Dagger            |    17 |    78 ||    95
       Mace              |       |     2 ||     2
       Punch             |       |     1 ||     1
 Cast: Kiss of Death     |     2 |     2 ||     4
Evoke: Wand              |       |     1 ||     1
  Use: Potion            |       |     3 ||     3
       Scroll            |       |     4 ||     4
 Stab: Paralysed         |       |     2 ||     2
Armor: Leather armour    |    24 |    19 ||    43
Dodge: Dodged            |    27 |    38 ||    65

Table legend: (Time is in decaauts)
 A = Elapsed time spent in this place.
 B = Non-inter-level travel time spent in this place.
 C = Inter-level travel time spent in this place.
 D = Time resting spent in this place.
 E = Time spent auto-exploring this place.
 F = Levels seen in this place.
 G = Mean time per level.
                   A        B        C        D        E       F      G
               +--------+--------+--------+--------+--------+-----+--------+
         Total |   1251 |   1162 |     89 |      0 |    756 |   5 |  250.2 |
       Dungeon |   1150 |   1061 |     89 |      0 |    716 |   4 |  287.5 |
         Sewer |    100 |    100 |      0 |      0 |     40 |   1 |  100.0 |
               +--------+--------+--------+--------+--------+-----+--------+

Top non-repeatable levels by time:
     D:1: 415 daAuts
     D:2: 395 daAuts
     D:3: 330 daAuts
   Sewer: 100 daAuts
     D:4: 9 daAuts
